 Dungeon Crawl Stone Soup version 0.17.0-27-g4a3f43e (webtiles) character file.

9898 kosy22 the Nimble (level 11, -9/104 HPs)
             Began as a Troll Fighter on Nov 21, 2015.
             Was a Priest of Nemelex Xobeh.
             Killed from afar by a molten gargoyle (36 damage)
             ... with a bolt of magma
             ... on level 13 of the Dungeon.
             The game lasted 00:48:32 (11615 turns).

kosy22 the Nimble (Troll Fighter)                  Turns: 11615, Time: 00:48:32

Health: -9/104     AC:  9    Str: 29    XL:     11   Next: 29%
Magic:  9/11       EV: 12    Int: 11    God:    Nemelex Xobeh [***...]
Gold:   195        SH: 15    Dex:  9    Spells: 1 memorised, 9 levels left

rFire  x . .     SeeInvis .       - Unarmed
rCold  + + .     Clarity  .     X - +0 troll leather armour
rNeg   . . .     SustAt   .     B - +4 shield of the Quahog {rF- rC++ Int+7}
rPois  .         Gourm    +     (helmet restricted)
rElec  .         Spirit   .     g - +1 cloak
rCorr  .         Warding  .     (gloves unavailable)
rMut   .         Stasis   .     (boots unavailable)
MR     .....                    (no amulet)
Stlth  +.........               (no ring)
                                (no ring)

@: not resistant to hostile enchantments, very unstealthy
A: unfitting armour, claws 3, fast metabolism 3, gourmand, regeneration 2,
shaggy fur 1, tough skin 2
a: Triple Draw, Renounce Religion


You were on level 13 of the Dungeon.
You worshipped Nemelex Xobeh.
Nemelex Xobeh was most pleased with you.
You were not hungry.

You visited 2 branches of the dungeon, and saw 16 of its levels.

You collected 988 gold pieces.
You spent 793 gold pieces at shops.

Inventory:

Hand Weapons
 F - the +9 hunting sling of Purpose {venom, rF+ MP+9 Int+6 SInv}
   (You found it on level 6 of the Dungeon)

   It poisons the ammo it fires.
   It affects your intelligence (+6).
   It protects you from fire.
   It affects your magic capacity (+9).
   It lets you see invisible.
Missiles
 G - 3 large rocks (quivered)
 K - 5 poisoned tomahawks
 M - 153 stones
Armour
 a - a +0 robe
 b - a +0 shield
 g - a +1 cloak (worn)
 B - the +4 shield of the Quahog (worn) {rF- rC++ Int+7}
   (You bought it in a shop on level 8 of the Dungeon)

   It affects your intelligence (+7).
   It makes you vulnerable to fire.
   It greatly protects you from cold.
 X - a +0 troll leather armour (worn)
Jewellery
 y - an uncursed ring of sustain attributes {unknown}
 D - a +2 ring of intelligence {unknown}
 E - an uncursed ring of magical power {unknown}
 U - an uncursed amulet of stasis {unknown}
Wands
 x - a wand of lightning (3)
 I - a wand of confusion (48)
 N - a wand of cold (0)
 O - a wand of magic darts (30)
 T - a wand of frost (12)
Scrolls
 h - a scroll of magic mapping
 i - 6 scrolls of remove curse
 o - 3 scrolls of enchant weapon
 r - 6 scrolls of identify
 u - 3 scrolls of amnesia
 R - a scroll of recharging
Potions
 c - 3 potions of might
 e - a potion of curing
 f - a potion of cure mutation {unknown}
 n - a potion of invisibility {unknown}
 q - a potion of heal wounds
 s - a potion of mutation {unknown}
 t - a potion of agility {unknown}
 v - a potion of berserk rage {unknown}
 z - 3 potions of cancellation {unknown}
 H - a potion of brilliance {unknown}
 J - 4 potions of flight {unknown}
 L - 2 potions of haste
 S - a potion of beneficial mutation {unknown}
 W - a potion of ambrosia {unknown}
Books
 k - a book of Beasts

   Spells                             Type                      Level
   a - Summon Butterflies             Summoning                    1
   b - Call Canine Familiar           Summoning                    3
   c - Summon Ice Beast               Ice/Summoning                4
   d - Summon Mana Viper              Hexes/Summoning              5
   e - Summon Hydra                   Summoning                    7
 Y - a book of Air

   Spells                             Type                      Level
   a - Shock                          Conjuration/Air              1
   b - Swiftness                      Charms/Air                   2
   c - Repel Missiles                 Charms/Air                   2
   d - Static Discharge               Conjuration/Air              3
   e - Lightning Bolt                 Conjuration/Air              5
Comestibles
 d - 6 bread rations
 l - 5 meat rations
 m - 2 slices of pizza
 A - 13 fruits
 C - 3 beef jerkies


   Skills:
 + Level 5.4 Fighting
 + Level 2.8(3.2) Slings
 + Level 3.1(4.0) Throwing
 + Level 2.3 Armour
 + Level 8.7 Dodging
 + Level 2.3 Stealth
 + Level 7.3 Shields
 + Level 7.3 Unarmed Combat
 + Level 0.1 Spellcasting
 + Level 0.4 Summonings
 + Level 1.9 Evocations


You had 9 spell levels left.
You knew the following spells:

 Your Spells              Type           Power        Failure   Level  Hunger
a - Summon Butterflies    Summ           #.......     45%         1    ##.....


Dungeon Overview and Level Annotations

Branches:
Dungeon (15/15)            Temple (1/1) D:5            Lair (0/8) D:10
    Orc (0/4) D:10
 Vaults: D:13-14     Depths: D:15

Altars:
Dithmenos
Elyvilon
Gozag
Makhleb
Nemelex Xobeh
Qazlal
Ru
Sif Muna
Vehumet
Xom
Yredelemnul
Zin
The Shining One

Shops:
D:8 [

Annotations:
D:12 JudasIscariot's ghost, novice TrFi
D:13 Rupert
D:14 Maud


Innate Abilities, Weirdness & Mutations

You are too large for most types of armour.
You have claws for hands.
Your metabolism is lightning-fast.
You like to eat raw meat.
You heal very quickly.
You are covered in fur (AC +1).
You have very tough skin (AC +2).


Message History

Triple draw from which deck? (? for menu, Esc to quit)
You draw... (choose one card, ? for their descriptions)
a - the Elements
b - the Rangers The deck of cards disappears without a trace.
You feel somewhat more hungry. You block the molten gargoyle's attack.
The molten gargoyle blasts magma at you!
The bolt of magma misses you.
The molten gargoyle barely misses your ice beast.
The lava snake bites your ice beast.
Your ice beast is engulfed in flames!
Your ice beast melts!
The molten gargoyle closely misses your basilisk.
Your basilisk barely misses the molten gargoyle.
Your ice beast hits the molten gargoyle.
Your ice beast freezes the molten gargoyle!
The lava snake bites your ice beast but does no damage.
The molten gargoyle blasts magma at you!
The bolt of magma hits you! The lava burns you terribly!
You die...
Your body glows with a rainbow of weird colours and disappears.

### ...
...### ####
#.#.#.#.#.#
.#.#.#.#.#.##
#...§.≈.9.#.#
.#§≈§≈≈≈≈l.##
#.§§§≈≈≈D9#@#
.#§≈§88≈9Y.##
#..≈≈88≈S9#.#
.#.≈≈≈§≈≈≈.##
#..≈§§≈≈§.#.
.#...≈!≈...##
#.#§#.#.#
.#.#.#%#.
..## #


You could see 3 molten gargoyles, a lava snake, a friendly basilisk and a
friendly ice beast.

Vanquished Creatures
  A tengu conjurer (D:15)
  A troll (D:9)
  Sigmund (D:3)
  A hill giant zombie (D:10)
  A fire bat (D:10)
  A human (D:10)
  3 hippogriffs
  3 hungry ghosts
  3 wolves (D:8)
  4 sky beasts
  A soldier ant (D:11)
  A black bear (D:10)
  2 phantoms
  4 orc warriors
  2 ice beasts
  2 necrophages
  An eye of draining (D:11)
  2 ogres
  9 centaurs
  9 big kobolds
  A gnoll sergeant (D:11)
  6 giant frogs
  A wyvern zombie (D:9)
  2 scorpions
  A troll zombie (D:10)
  9 killer bees
  5 crimson imps
  5 orc wizards
  3 jellies
  A giant frog zombie (D:6)
  3 iguanas
  A giant frog skeleton (D:7)
  7 orc priests
  13 worker ants
  3 centaur skeletons
  7 hounds
  A sheep (D:10)
  3 ogre zombies (D:10)
  3 hound skeletons
  A hound zombie (D:5)
  3 worker ant zombies
  12 adders
  9 gnolls
  A white imp (D:10)
  2 shadow imps
  2 oozes
  2 adder skeletons
  4 worms
  7 giant geckos
  17 orcs
  5 bats
  5 giant cockroaches
  9 hobgoblins
  17 kobolds
  6 quokkas
  A ball python (D:4)
  A ball python skeleton (D:4)
  4 giant newts
  4 goblins
  A goblin skeleton (D:10)
  A goblin zombie (D:10)
  A hobgoblin skeleton (D:10)
  A hobgoblin zombie (D:10)
  7 jackals
  2 orc skeletons (D:10)
  7 orc zombies (D:10)
  6 rats
  A plant (D:10)
266 creatures vanquished.

Vanquished Creatures (collateral kills)
  A hill giant (D:11)
  A cyclops (D:15)
  A kobold demonologist (D:11)
  A tengu conjurer (D:15)
  A troll (D:10)
  2 hill giant zombies (D:10)
  A wyvern (D:11)
  A trapdoor spider (D:14)
  3 wargs (D:10)
  An ogre (D:10)
  A centaur (D:9)
  A big kobold (D:8)
  A gnoll sergeant (D:9)
  A giant frog (D:11)
  3 killer bees (D:11)
  A quasit (D:10)
  A hound (D:11)
  2 orc priests
  2 orc wizards (D:11)
  An ogre zombie (D:10)
  4 gnolls (D:9)
  6 orcs
  A goblin zombie (D:10)
  2 hobgoblin zombies (D:10)
  A kobold (D:8)
  2 orc skeletons (D:10)
  7 orc zombies (D:10)
50 creatures vanquished.

Grand Total: 316 creatures vanquished

Notes
Turn   | Place    | Note
--------------------------------------------------------------
     0 | D:1      | kosy22 the Troll Fighter began the quest for the Orb.
     0 | D:1      | Reached XP level 1. HP: 22/22 MP: 0/0
   278 | D:1      | Reached XP level 2. HP: 23/29 MP: 1/1
  1015 | D:2      | Reached skill level 3 in Shields
  1015 | D:2      | Reached XP level 3. HP: 31/36 MP: 2/2
  1369 | D:2      | Reached XP level 4. HP: 42/44 MP: 3/3
  1895 | D:3      | Noticed Sigmund
  1977 | D:3      | Killed Sigmund
  1977 | D:3      | Reached skill level 4 in Dodging
  1977 | D:3      | Reached XP level 5. HP: 42/52 MP: 4/4
  2001 | D:3      | Noticed a necrophage
  2023 | D:3      | Killed a necrophage
  2023 | D:3      | Reached XP level 6. HP: 56/61 MP: 5/5
  2578 | D:3      | Found a shimmering altar of Xom.
  3087 | D:4      | Reached skill level 1 in Stealth
  3214 | D:4      | Reached XP level 7. HP: 62/67 MP: 6/6
  3965 | D:5      | Entered Level 5 of the Dungeon
  4364 | D:5      | Reached skill level 5 in Dodging
  4448 | D:5      | Found a glowing golden altar of the Shining One.
  4453 | D:5      | Noticed an angel
  4460 | D:5      | Found a basalt altar of Yredelemnul.
  4462 | D:5      | Noticed a profane servitor
  4722 | D:5      | Found a staircase to the Ecumenical Temple.
  4728 | Temple   | Entered the Ecumenical Temple
  4752 | Temple   | Became a worshipper of Nemelex Xobeh the Trickster
  4801 | D:5      | Found a deep blue altar of Sif Muna.
  4854 | D:6      | Received a gift from Nemelex Xobeh
  5198 | D:6      | Found a radiant altar of Vehumet.
  5242 | D:6      | Reached XP level 8. HP: 23/75 MP: 7/7
  5528 | D:6      | Found a glowing silver altar of Zin.
  5528 | D:6      | Found an opulent altar of Gozag.
  5839 | D:6      | Got a crystal hunting sling
  5844 | D:6      | Identified the +9 hunting sling of Purpose {venom, rF+ MP+9 Int+6 SInv} (You found it on level 6 of the Dungeon)
  5867 | D:7      | Found a burning altar of Makhleb.
  6189 | D:7      | Reached skill level 1 in Throwing
  6304 | D:7      | Reached * piety under Nemelex Xobeh
  6321 | D:7      | Reached skill level 6 in Dodging
  6355 | D:7      | Received a gift from Nemelex Xobeh
  6485 | D:7      | Reached skill level 5 in Shields
  6485 | D:7      | Reached skill level 5 in Unarmed Combat
  7007 | D:7      | Reached XP level 9. HP: 84/84 MP: 8/8
  7061 | D:8      | Noticed Grum
  7084 | D:8      | Noticed Grum
  7084 | D:8      | Grum changed into Grum the worker ant
  7088 | D:8      | Killed Grum the worker ant
  7255 | D:8      | Found Fiepra's Armour Shoppe.
  7349 | D:8      | Reached skill level 1 in Slings
  7432 | D:8      | Reached skill level 7 in Dodging
  8073 | D:8      | Found a white marble altar of Elyvilon.
  8227 | D:9      | Reached XP level 10. HP: 35/94 MP: 9/9
  8422 | D:9      | Reached ** piety under Nemelex Xobeh
  9149 | D:10     | Entered Level 10 of the Dungeon
  9190 | D:10     | Reached skill level 8 in Dodging
  9193 | D:10     | Reached skill level 1 in Armour
  9376 | D:10     | Found a staircase to the Lair.
  9389 | D:10     | Reached skill level 1 in Evocations
  9400 | D:10     | Reached skill level 5 in Fighting
  9777 | D:10     | Noticed a purple ugly thing
  9945 | D:10     | Found a staircase to the Orcish Mines.
 10046 | D:10     | Learned a level 1 spell: Summon Butterflies
 10177 | D:10     | Reached XP level 11. HP: 104/104 MP: 11/11
 10211 | D:10     | Received a gift from Nemelex Xobeh
 10504 | D:8      | Bought the +4 shield of the Quahog {rF- rC++ Int+7} for 793 gold pieces
 10562 | D:8      | Identified a scroll of acquirement
 10647 | D:11     | Noticed a hill giant
 10703 | D:11     | Killed a hill giant
 11091 | D:11     | Received a gift from Nemelex Xobeh
 11372 | D:12     | Reached *** piety under Nemelex Xobeh
 11372 | D:12     | Noticed a five-headed hydra
 11372 | D:12     | Noticed JudasIscariot's ghost (novice TrFi)
 11374 | D:12     | You fall through a shaft for 3 floors!
 11374 | D:15     | Entered Level 15 of the Dungeon
 11533 | D:14     | Noticed Maud
 11544 | D:14     | Noticed a centaur warrior
 11575 | D:14     | Noticed Rupert
 11578 | D:14     | Paralysed by Rupert for 3 turns
 11604 | D:14     | HP: 5/104 [Rupert/triple sword of holy wrath (27)]
 11615 | D:13     | Killed from afar by a molten gargoyle

Action                   |  1- 3 |  4- 6 |  7- 9 | 10-12 || total
-------------------------+-------+-------+-------+-------++-------
Melee: Unarmed           |    89 |   125 |   338 |   316 ||   868
       Hunting sling     |       |       |     7 |       ||     7
 Fire: Hunting sling     |       |       |    32 |    64 ||    96
Throw: Tomahawk          |       |       |    31 |    27 ||    58
       Throwing net      |       |       |     1 |       ||     1
       Stone             |       |       |       |     1 ||     1
       Large rock        |       |       |       |     5 ||     5
 Cast: Summon Butterflie |       |       |       |     3 ||     3
Invok: Triple Draw       |       |       |       |     1 ||     1
Evoke: Wand              |       |       |     3 |       ||     3
       Deck              |       |       |     9 |    34 ||    43
  Use: Scroll            |       |       |     5 |    11 ||    16
       Potion            |       |       |     5 |     6 ||    11
 Stab: Sleeping          |       |     1 |     1 |       ||     2
       Distracted        |       |       |       |     1 ||     1
  Eat: Chunk             |     7 |    10 |    40 |     9 ||    66
       Bread ration      |     1 |     2 |     2 |     1 ||     6
       Fruit             |       |       |       |    17 ||    17
       Meat ration       |       |       |       |     1 ||     1
